NCAA
ALABAMA CRIMSON TIDE @ TEXAS A&M AGGIES
04/11/2026
 
TOP OF THE 1ST
Alabama Crimson Tide batting - Pitching for Texas A&M Aggies : RHP Arthur Kemp
Pitching: RHP Arthur Kemp
Batting: RHB Greg Grant 0-0: Foul Ball, location: 2F
0-1: Ball
1-1: Called Strike
1-2: Ball
2-2: Ball
3-2: Base on Balls
Batting: LHB Clayton Bailey Pickoff Throw to First - Out!
0-0: Called Strike
0-1: Swinging Strike
0-2: Foul Ball, location: 2F
0-2: Strikes out swinging
Batting: SHB Jorge Dávila 0-0: Called Strike
0-1: Reached on error, E6 (Groundball, 6M)
Batting: RHB Stephen Nava 0-0: Called Strike
0-1: Ball
1-1: Ball
2-1: Foul Ball, location: 2F
2-2: Foul Ball, location: 2F
2-2: Fly out, F8 (Flyball, 8LM)
Top of the 1st over - 0 run(s), 0 hit(s), 1 error(s), 1 left on base; Alabama 0 - Texas A&M 0
BOTTOM OF THE 1ST
Texas A&M Aggies batting - Pitching for Alabama Crimson Tide : RHP Manuel González
Pitching: RHP Manuel González
Batting: RHB Irwin Robinson 0-0: Foul Ball, location: 2F
0-1: Ground out 4-3 (Groundball, 4)
Batting: LHB Kevin Holley 0-0: Ball
1-0: Called Strike
1-1: Foul Ball, location: 2F
1-2: Fly out, F5 (Popup, 5F)
Batting: LHB Dave Bryant 0-0: Ball
1-0: Foul Ball, location: 2F
1-1: Swinging Strike
1-2: SOLO HOME RUN (Flyball, 89XD), Distance : 374 ft
Batting: LHB Walt Brown 0-0: Ball
1-0: SINGLE (Line Drive, 78S)
Batting: RHB Lawrence Davidson 0-0: Ball
1-0: Swinging Strike
1-1: Called Strike
1-2: Ball
2-2: SINGLE (Groundball, 4)
Walt Brown to second
Runner from 2nd tries for 3rd, SAFE, throw made to third
Batting: RHB Brandon Townsley 0-0: Called Strike
0-1: Called Strike
0-2: Ball
1-2: Fielders Choice at 2nd, U6 (Groundball, 6M)
Bottom of the 1st over - 1 run(s), 3 hit(s), 0 error(s), 2 left on base; Alabama 0 - Texas A&M 1
TOP OF THE 2ND
Alabama Crimson Tide batting - Pitching for Texas A&M Aggies : RHP Arthur Kemp
Batting: RHB Nick Vogel 0-0: Foul Ball, location: 2F
0-1: Ball
1-1: Ground out 6-3 (Groundball, 6)
Batting: RHB William Robinson 0-0: Called Strike
0-1: Ball
1-1: Called Strike
1-2: Foul Ball, location: 2F
1-2: Ball
2-2: Strikes out swinging
Batting: RHB Scott Graves 0-0: Ball
1-0: Ball
2-0: Ball
3-0: Called Strike
3-1: Called Strike
3-2: Ground out 5-3 (Groundball, 5L)
Top of the 2nd over - 0 run(s), 0 hit(s), 0 error(s), 0 left on base; Alabama 0 - Texas A&M 1
BOTTOM OF THE 2ND
Texas A&M Aggies batting - Pitching for Alabama Crimson Tide : RHP Manuel González
Batting: RHB Kevin Wilson 0-0: Foul Ball, location: 2F
0-1: Fly out, F6 (Popup, 6M)
Batting: RHB César Cortéz 0-0: Called Strike
0-1: Ball
1-1: Called Strike
1-2: Ball
2-2: Fly out, F9 (Flyball, 9LM)
Batting: RHB Paul Stewart 0-0: Ball
1-0: Called Strike
1-1: Ball
2-1: Ball
3-1: Base on Balls
Batting: RHB Irwin Robinson 0-0: Called Strike
0-1: Foul Ball, location: 2F
0-2: Ball
1-2: Strikes out swinging
Bottom of the 2nd over - 0 run(s), 0 hit(s), 0 error(s), 1 left on base; Alabama 0 - Texas A&M 1
TOP OF THE 3RD
Alabama Crimson Tide batting - Pitching for Texas A&M Aggies : RHP Arthur Kemp
Batting: RHB Walt McDonald 0-0: Swinging Strike
0-1: Foul Ball, location: 2F
0-2: Foul Ball, location: 2F
0-2: SINGLE (Flyball, 8RS)
Batting: LHB Chris White 0-0: Called Strike
0-1: Ball
1-1: Ball
2-1: Swinging Strike
2-2: Ball
3-2: Foul Ball, location: 2F
3-2: Strikes out looking
Batting: RHB Greg Grant 0-0: SINGLE (Groundball, 56D)
Walt McDonald to second
Batting: LHB Clayton Bailey 0-0: Ball
1-0: SINGLE (Line Drive, 56)
Walt McDonald to third
Greg Grant to second
Batting: SHB Jorge Dávila 0-0: Ball
1-0: SINGLE (Groundball, 4MD) (infield hit)
Walt McDonald scores
Greg Grant to third
Clayton Bailey to second
Batting: RHB Stephen Nava 0-0: Ball
1-0: Called Strike
1-1: Foul Ball, location: 2F
1-2: Strikes out looking
Batting: RHB Nick Vogel 0-0: Ball
1-0: Swinging Strike
1-1: Ball
2-1: Swinging Strike
2-2: Strikes out looking
Top of the 3rd over - 1 run(s), 4 hit(s), 0 error(s), 3 left on base; Alabama 1 - Texas A&M 1
BOTTOM OF THE 3RD
Texas A&M Aggies batting - Pitching for Alabama Crimson Tide : RHP Manuel González
Batting: LHB Kevin Holley 0-0: Ball
1-0: Fly out, F9 (Line Drive, 9M)
Batting: LHB Dave Bryant 0-0: Ball
1-0: Foul Ball, location: 2F
1-1: Foul Ball, location: 2F
1-2: Strikes out swinging
Batting: LHB Walt Brown 0-0: Ball
1-0: Called Strike
1-1: Fly out, F9 (Flyball, 89M)
Bottom of the 3rd over - 0 run(s), 0 hit(s), 0 error(s), 0 left on base; Alabama 1 - Texas A&M 1
TOP OF THE 4TH
Alabama Crimson Tide batting - Pitching for Texas A&M Aggies : RHP Arthur Kemp
Batting: RHB William Robinson 0-0: Called Strike
0-1: Ball
1-1: Foul Ball, location: 2F
1-2: Strikes out swinging
Batting: RHB Scott Graves 0-0: Called Strike
0-1: Ball
1-1: Called Strike
1-2: Strikes out swinging
Batting: RHB Walt McDonald 0-0: Fly out, F6 (Popup, 5DF)
Top of the 4th over - 0 run(s), 0 hit(s), 0 error(s), 0 left on base; Alabama 1 - Texas A&M 1
BOTTOM OF THE 4TH
Texas A&M Aggies batting - Pitching for Alabama Crimson Tide : RHP Manuel González
Batting: RHB Lawrence Davidson 0-0: Ball
1-0: Ball
2-0: Ball
3-0: Base on Balls
Batting: RHB Brandon Townsley Pickoff Throw to First - Out!
0-0: Hit by Pitch
Batting: RHB Kevin Wilson 0-0: Ball
1-0: Ball
2-0: Fielders Choice at 2nd, 6-4 (Groundball, 6M)
Batting: RHB César Cortéz 0-0: Foul Ball, location: 2F
0-1: Swinging Strike
0-2: Strikes out swinging
Bottom of the 4th over - 0 run(s), 0 hit(s), 0 error(s), 1 left on base; Alabama 1 - Texas A&M 1
TOP OF THE 5TH
Alabama Crimson Tide batting - Pitching for Texas A&M Aggies : RHP Arthur Kemp
Batting: LHB Chris White 0-0: Ball
1-0: Called Strike
1-1: Called Strike
1-2: Strikes out looking
Batting: RHB Greg Grant 0-0: Called Strike
0-1: Ball
1-1: Called Strike
1-2: Ground out 1-3 (Groundball, 13)
Batting: LHB Clayton Bailey 0-0: Swinging Strike
0-1: Foul Ball, location: 2F
0-2: Strikes out swinging
Top of the 5th over - 0 run(s), 0 hit(s), 0 error(s), 0 left on base; Alabama 1 - Texas A&M 1
BOTTOM OF THE 5TH
Texas A&M Aggies batting - Pitching for Alabama Crimson Tide : RHP Manuel González
Batting: RHB Paul Stewart 0-0: Fly out, F8 (Flyball, 8LM)
Batting: RHB Irwin Robinson 0-0: Ground out 5-3 (Groundball, 5)
Batting: LHB Kevin Holley 0-0: Foul Ball, location: 2F
0-1: Ball
1-1: Called Strike
1-2: Foul Ball, location: 2F
1-2: Ball
2-2: Strikes out swinging
Bottom of the 5th over - 0 run(s), 0 hit(s), 0 error(s), 0 left on base; Alabama 1 - Texas A&M 1
TOP OF THE 6TH
Alabama Crimson Tide batting - Pitching for Texas A&M Aggies : RHP Arthur Kemp
Batting: SHB Jorge Dávila 0-0: Foul Ball, location: 2F
0-1: SINGLE (Line Drive, 4M)
Pitching: RHP Ed Fletcher
Batting: RHB Stephen Nava 0-0: Ball
1-0: Ground out 5-3 (Groundball, 56S)
Jorge Dávila to second
Batting: RHB Nick Vogel 0-0: Intentional Walk
Batting: RHB William Robinson 0-0: Ball
1-0: Foul Ball, location: 2F
1-1: Called Strike
1-2: Ball
2-2: Ball
3-2: Foul Ball, location: 2F
3-2: Base on Balls
Jorge Dávila to third
Nick Vogel to second
Batting: RHB Scott Graves 0-0: SINGLE (Line Drive, 78S)
Jorge Dávila scores
Nick Vogel to third
William Robinson to second
Batting: RHB Walt McDonald 0-0: Ball
1-0: Ball
2-0: Called Strike
2-1: Called Strike
2-2: Fly out, F7 (Flyball, 7M)
Runner from 3rd tags up, SCORES, throw made
Batting: LHB Chris White 0-0: Ball
1-0: Called Strike
1-1: Swinging Strike
1-2: Ball
2-2: Foul Ball, location: 2F
2-2: Strikes out swinging
Top of the 6th over - 2 run(s), 2 hit(s), 0 error(s), 2 left on base; Alabama 3 - Texas A&M 1
BOTTOM OF THE 6TH
Texas A&M Aggies batting - Pitching for Alabama Crimson Tide : RHP Manuel González
Batting: LHB Dave Bryant 0-0: Called Strike
0-1: Ball
1-1: Called Strike
1-2: Ground out 6-3 (Groundball, 6M)
Batting: LHB Walt Brown 0-0: Ball
1-0: Foul Ball, location: 2F
1-1: Foul Ball, location: 2F
1-2: Foul Ball, location: 2F
1-2: Ball
2-2: Strikes out looking
Batting: RHB Lawrence Davidson 0-0: Called Strike
0-1: Ball
1-1: Ball
2-1: Swinging Strike
2-2: Foul Ball, location: 2F
2-2: Foul Ball, location: 2F
2-2: Ball
3-2: Foul Ball, location: 2F
3-2: Foul Ball, location: 2F
3-2: SINGLE (Groundball, 6MD)
Pitching: LHP Dave Hughes
Batting: RHB Brandon Townsley 0-0: Called Strike
0-1: Ball
1-1: Ball
2-1: Ball
3-1: Foul Ball, location: 2F
3-2: Strikes out swinging
Bottom of the 6th over - 0 run(s), 1 hit(s), 0 error(s), 1 left on base; Alabama 3 - Texas A&M 1
TOP OF THE 7TH
Alabama Crimson Tide batting - Pitching for Texas A&M Aggies : RHP Ed Fletcher
Batting: RHB Greg Grant 0-0: Ball
1-0: Ball
2-0: Fly out, F4 (Popup, 4)
Batting: LHB Clayton Bailey 0-0: Swinging Strike
0-1: Called Strike
0-2: Ball
1-2: Foul Ball, location: 2F
1-2: Strikes out looking
Batting: SHB Jorge Dávila 0-0: Ball
1-0: Ball
2-0: Swinging Strike
2-1: Ball
3-1: Base on Balls
Batting: RHB Stephen Nava 0-0: Ball
1-0: Ball
2-0: Fly out, F8 (Flyball, 8RXD)
Top of the 7th over - 0 run(s), 0 hit(s), 0 error(s), 1 left on base; Alabama 3 - Texas A&M 1
BOTTOM OF THE 7TH
Texas A&M Aggies batting - Pitching for Alabama Crimson Tide : LHP Dave Hughes
Batting: RHB Kevin Wilson 0-0: Ball
1-0: Fly out, F8 (Line Drive, 8RM)
Batting: RHB César Cortéz 0-0: Foul Ball, location: 2F
0-1: Ball
1-1: Foul Ball, location: 2F
1-2: Foul Ball, location: 2F
1-2: Ball
2-2: Ball
3-2: Foul Ball, location: 2F
3-2: Base on Balls
Batting: RHB Paul Stewart 0-0: Ball
1-0: Fielders Choice at 2nd, 4-6 (Groundball, 4)
Batting: RHB Irwin Robinson 0-0: Ground out 1-3 (Groundball, 23)
Bottom of the 7th over - 0 run(s), 0 hit(s), 0 error(s), 1 left on base; Alabama 3 - Texas A&M 1
TOP OF THE 8TH
Alabama Crimson Tide batting - Pitching for Texas A&M Aggies : RHP Ed Fletcher
Pitching: RHP Roger Coulombe
Batting: RHB Nick Vogel 0-0: Called Strike
0-1: Ball
1-1: Fly out, F4 (Popup, 34)
Batting: RHB William Robinson 0-0: Ball
1-0: Ball
2-0: Called Strike
2-1: Ball
3-1: Base on Balls
Batting: RHB Scott Graves 0-0: SINGLE (Line Drive, 7LM)
William Robinson to second
Batting: RHB Walt McDonald 0-0: Ball
1-0: SINGLE (Groundball, 56)
William Robinson to third
Scott Graves to second
Pinch Hitting: SHB Rubén Valle 0-0: Ball
Wild Pitch!
William Robinson scores
Scott Graves to third
Walt McDonald to second
1-0: Ball
2-0: Foul Ball, location: 2F
2-1: Swinging Strike
2-2: Foul Ball, location: 2F
2-2: Strikes out swinging
Batting: RHB Greg Grant 0-0: Called Strike
0-1: Ball
1-1: Foul Ball, location: 2F
1-2: Strikes out swinging
Top of the 8th over - 1 run(s), 2 hit(s), 0 error(s), 2 left on base; Alabama 4 - Texas A&M 1
BOTTOM OF THE 8TH
Texas A&M Aggies batting - Pitching for Alabama Crimson Tide : LHP Dave Hughes
Now in CF: Tom York
Now in RF: Jeffrey Hunter
Batting: LHB Kevin Holley 0-0: Called Strike
0-1: Ball
1-1: Ball
2-1: Ball
3-1: Fly out, F4 (Line Drive, 4)
Batting: LHB Dave Bryant 0-0: Called Strike
0-1: Foul Ball, location: 2F
0-2: Ball
1-2: SINGLE (Groundball, 4MD)
Batting: LHB Walt Brown 0-0: Ball
1-0: Ball
2-0: Called Strike
2-1: Ball
3-1: Base on Balls
Dave Bryant to second
Pitching: RHP Michael Cole
Batting: RHB Lawrence Davidson 0-0: Swinging Strike
0-1: Foul Ball, location: 2F
0-2: Ball
1-2: Strikes out swinging
Pitching: RHP Curt Dunn
Batting: RHB Brandon Townsley 0-0: Called Strike
0-1: Ball
1-1: Foul Ball, location: 2F
1-2: Foul Ball, location: 2F
1-2: Fly out, F9 (Flyball, 9M)
Bottom of the 8th over - 0 run(s), 1 hit(s), 0 error(s), 2 left on base; Alabama 4 - Texas A&M 1
TOP OF THE 9TH
Alabama Crimson Tide batting - Pitching for Texas A&M Aggies : RHP Roger Coulombe
Batting: LHB Clayton Bailey 0-0: Ball
1-0: Called Strike
1-1: Ball
2-1: Ball
3-1: Base on Balls
Batting: SHB Jorge Dávila 0-0: Reached on error, E3 (Groundball, 3L)
Clayton Bailey to second
Batting: RHB Stephen Nava 0-0: Ball
1-0: Called Strike
1-1: Ball
2-1: Ball
3-1: Base on Balls
Clayton Bailey to third
Jorge Dávila to second
Pitching: RHP Alex Weston
Batting: RHB Nick Vogel 0-0: Ball
1-0: Called Strike
1-1: Ball
2-1: Fly out, F8 (Flyball, 8RS)
Batting: RHB William Robinson 0-0: Foul Ball, location: 2F
0-1: Ball
1-1: Fly out, F9 (Flyball, 9M)
Runner from 3rd tags up, OUT at HOME
Top of the 9th over - 0 run(s), 0 hit(s), 1 error(s), 2 left on base; Alabama 4 - Texas A&M 1
BOTTOM OF THE 9TH
Texas A&M Aggies batting - Pitching for Alabama Crimson Tide : RHP Curt Dunn
Pitching: LHP Travis Thompson
Now at C: Rick Miller
Batting: RHB Kevin Wilson 0-0: Ball
1-0: Ball
2-0: Called Strike
2-1: Foul Ball, location: 2F
2-2: Strikes out swinging
Batting: RHB César Cortéz 0-0: Ball
1-0: Ball
2-0: Called Strike
2-1: Ball
3-1: Base on Balls
Batting: RHB Paul Stewart 0-0: Called Strike
0-1: Foul Ball, location: 2F
0-2: Ball
1-2: Foul Ball, location: 2F
1-2: Strikes out swinging
Batting: RHB Irwin Robinson 0-0: Called Strike
0-1: Ball
1-1: 2-RUN HOME RUN (Flyball, 7D), Distance : 350 ft
Batting: LHB Kevin Holley 0-0: Called Strike
0-1: Called Strike
0-2: Strikes out swinging
Bottom of the 9th over - 2 run(s), 1 hit(s), 0 error(s), 0 left on base; Alabama 4 - Texas A&M 3
Monday, December 5th, 2016 - OOTP Baseball 17.12 Build 75